 Dungeon Crawl Stone Soup version 0.21.0-3-g78d12a8 (webtiles) character file.

443 Inkary the Slasher (level 6, -5/57 HPs)
             Began as a Minotaur Berserker on Jan 13, 2018.
             Was a Priest of Trog.
             Slain by Eustachio
             ... wielding a +4 rapier of speed
              (6 damage)
             ... on level 5 of the Dungeon.
             The game lasted 00:05:48 (3482 turns).

Inkary the Slasher (Minotaur Berserker)             Turns: 3482, Time: 00:05:49

Health: -5/57      AC:  6    Str: 21      XL:     6   Next: 71%
Magic:  5/5        EV: 11    Int:  4      God:    Trog [***...]
Gold:   300        SH:  0    Dex:  7 (12) Spells: 5/5 levels left

rFire    . . .     SeeInvis .   a - +0 falchion
rCold    . . .     Gourm    .   (no shield)
rNeg     . . .     Faith    .   n - +0 ring mail (curse)
rPois    .         Spirit   .   (helmet restricted)
rElec    .         Reflect  .   p - +0 cloak
rCorr    .         Harm     .   (no gloves)
MR       .....                  (no boots)
Stlth    ..........             (no amulet)
HPRegen  0.19/turn              h - ring of flight
MPRegen  0.09/turn              (no ring)

@: berserk cooldown
A: retaliatory headbutt, horns 2
a: Berserk, Trog's Hand, Burn Spellbooks, Renounce Religion, Evoke Flight


You were on level 5 of the Dungeon.
You worshipped Trog.
Trog was most pleased with you.
You were near starving.

You visited 1 branch of the dungeon, and saw 5 of its levels.

You collected 300 gold pieces.

Inventory:

Hand Weapons
 a - a +0 falchion (weapon)
Armour
 i - a scarf of spirit shield
 n - a cursed +0 ring mail (worn)
 p - a +0 cloak (worn)
Jewellery
 e - an uncursed ring of poison resistance {unknown}
 h - a ring of flight (left hand)
Wands
 m - a wand of disintegration (11)
Scrolls
 b - 3 scrolls of identify
 d - a scroll of remove curse
 j - 2 scrolls of fog
 q - a scroll of enchant weapon
Potions
 f - a potion of agility {unknown}
 k - a potion of curing {unknown}
 o - a potion of might {unknown}
 r - a potion of heal wounds {unknown}
 s - a potion of mutation {unknown}
Books
 l - a book of Changes

   Spells                             Type                      Level
   a - Beastly Appendage              Transmutation                1
   b - Sticks to Snakes               Transmutation                2
   c - Spider Form                    Transmutation/Poison         3
   d - Ice Form                       Ice/Transmutation            4
   e - Blade Hands                    Transmutation                5
   Trog disapproves of the use of such an item.
Comestibles
 c - 5 rations


   Skills:
 + Level 6.0 Fighting
 * Level 7.8 Long Blades
 - Level 2.4 Armour
 - Level 2.1 Dodging


You had 5 spell levels left.
You didn't know any spells.

Dungeon Overview and Level Annotations

Branches:
Dungeon (5/15)             Temple (0/1) D:4

Altars:
Cheibriados
Makhleb
Okawaru
Xom
The Shining One

Annotations:
D:5 Eustachio


Innate Abilities, Weirdness & Mutations

You reflexively headbutt those who attack you in melee.
You have a pair of horns on your head.


Message History

* * * LOW HITPOINT WARNING * * *
Unknown command.
You completely miss the river rat.
You feel yourself speed up. The river rat closely misses you.
The rat bites you but does no damage. The white imp hits you.
* * * LOW HITPOINT WARNING * * *
The white imp freezes you.
* * * LOW HITPOINT WARNING * * *
The river rat bites you.
* * * LOW HITPOINT WARNING * * *
The rat barely misses you.
You hit Eustachio.
Eustachio is heavily wounded.
The white imp hits you.
* * * LOW HITPOINT WARNING * * *
The white imp freezes you.
* * * LOW HITPOINT WARNING * * *
Eustachio hits you with a rapier of speed.
You die...

# #.%
##..#########
#...........#
#..........# ..
#....(.....##..#
#..............###
#...###..........#
#.... #5@#####.#.#
+.... #rr@.?<#.# #
..... #.5..###.#
..... ...#.....#
....####### .....#
.....># #####..#


You could see Eustachio, a river rat, 2 white imps and a rat.

Vanquished Creatures
  A phantom (D:4)
  A scorpion (D:4)
  3 crimson imps (D:4)
  2 hounds (D:4)
  8 adders
  An ooze (D:1)
  A worm (D:2)
  3 dart slugs (D:1)
  2 leopard geckos
  3 orcs
  A ball python (D:2)
  2 giant cockroaches (D:3)
  5 goblins
  2 hobgoblins
  4 jackals (D:3)
  6 kobolds
  4 quokkas
  7 bats
  3 frilled lizards
  12 rats
71 creatures vanquished.

Notes
Turn   | Place    | Note
-------+----------+-------------------------------------------
     0 | D:1      | Inkary the Minotaur Berserker began the quest for the Orb.
     0 | D:1      | Reached XP level 1. HP: 19/19 MP: 0/0
    76 | D:1      | Reached skill level 4 in Long Blades
    88 | D:1      | Reached XP level 2. HP: 24/27 MP: 1/1
   671 | D:1      | Reached XP level 3. HP: 31/33 MP: 2/2
   754 | D:2      | Found a snail-covered altar of Cheibriados.
   785 | D:2      | Reached ** piety under Trog
   900 | D:2      | Reached skill level 5 in Long Blades
  1464 | D:3      | Found an iron altar of Okawaru.
  1487 | D:3      | Reached XP level 4. HP: 37/41 MP: 3/3
  2499 | D:4      | Found a shimmering altar of Xom.
  2518 | D:4      | Reached skill level 5 in Fighting
  2518 | D:4      | Reached skill level 6 in Long Blades
  2518 | D:4      | Reached XP level 5. HP: 48/48 MP: 4/4
  2607 | D:4      | Found a glowing golden altar of the Shining One.
  2619 | D:4      | Found a staircase to the Ecumenical Temple.
  2833 | D:4      | Reached *** piety under Trog
  2833 | D:4      | Reached skill level 7 in Long Blades
  2833 | D:4      | Reached XP level 6. HP: 27/56 MP: 5/5
  3144 | D:4      | Found a burning altar of Makhleb.
  3431 | D:5      | Entered Level 5 of the Dungeon
  3454 | D:5      | Noticed Eustachio
  3482 | D:5      | HP: 1/57 [white imp[Eustachio] (4)]
  3482 | D:5      | Slain by Eustachio

Skill      XL: |  1  2  3  4  5  6 |
---------------+-------------------+-----
Long Blades    | 4 5 6 7 |  7.8
Fighting       | 4 5 6 |  6.0
Armour         | |  2.4
Dodging        | |  2.1

Action                   |  1- 3 |  4- 6 || total
-------------------------+-------+-------++-------
Melee: Falchion          |    80 |   114 ||   194
       Headbutt          |     9 |    15 ||    24
Invok: Berserk           |       |     1 ||     1
       Trog's Hand       |       |     1 ||     1
  Use: Potion            |       |     1 ||     1
       Scroll            |       |     4 ||     4
 Stab: Sleeping          |     1 |       ||     1
  Eat: Chunk             |     1 |     3 ||     4
       Ration            |       |     1 ||     1
Armor: Animal skin       |     3 |       ||     3
       Leather armour    |     9 |       ||     9
       Ring mail         |     6 |    68 ||    74
       Skin              |       |     9 ||     9
Dodge: Dodged            |    52 |    88 ||   140
       Rpst.: Falchion   |    11 |    22 ||    33
